 Dungeon Crawl Stone Soup version 0.29.1-15-g9cfb28693d (webtiles) character file.

Game seed: 1988193380456393022

68 coffeetime the Cudgeller (level 4, -1/40 HPs)
             Began as a Hill Orc Monk on July 1, 2023.
             Slain by an orc wizard
             ... wielding a +0 dagger
              (3 damage)
             ... on level 4 of the Dungeon on July 2, 2023.
             The game lasted 00:09:46 (2991 turns).

coffeetime the Cudgeller (Hill Orc Monk)            Turns: 2991, Time: 00:09:47

Health: -1/40      AC:  5    Str: 14    XL:     4   Next: 19%
Magic:  13/13      EV: 11    Int:  9    God:
Gold:   182        SH:  0    Dex: 14    Spells: 3/3 levels left

rFire   . . .      SeeInvis .   x - +1 whip (flame)
rCold   . . .      Faith    .   (no shield)
rNeg    . . .      Spirit   .   B - +0 ring mail "Wiohiet" {Rampage rC+ rCorr Dex-3}
rPois   +          Reflect  .   (no helmet)
rElec   +          Harm     .   (no cloak)
rCorr   +          Rampage  +   (no gloves)
Will    .....                   (no boots)
Stlth   ++........              (no amulet)
HPRegen 0.13/turn               u - ring of poison resistance
MPRegen 0.13/turn               w - ring "Wufuqaaq" {Fly rElec rPois rC- MP+9}

@: attractive, flying
A: camouflage 1, agile 1
a: no special abilities


You were on level 4 of the Dungeon.
You visited 1 branch of the dungeon, and saw 4 of its levels.

You collected 182 gold pieces.

Inventory:

Hand Weapons
 a - a +0 mace
 k - a +0 sling
 r - a +0 short sword of flaming
 s - a +0 flail
 t - a +1 antimagic short sword
 x - a +1 whip of flaming (weapon)
Missiles
 i - 14 stones (quivered)
 m - 4 datura-tipped darts
 y - 10 poisoned darts
Armour
 b - a +0 robe
 h - a +0 leather armour
 B - the +0 ring mail "Wiohiet" (worn) {Rampage rC+ rCorr Dex-3}
   (You found it on level 4 of the Dungeon)

   Dex:       It affects your dexterity (-3).
   rC:        It protects you from cold.
   rCorr:     It protects you from acid and corrosion.
   Rampage:   It bestows one free step when moving towards enemies.
Jewellery
 f - a ring of fire
 u - a ring of poison resistance (left hand)
 w - the ring "Wufuqaaq" (right hand) {Fly rElec rPois rC- MP+9}
   (You found it on level 2 of the Dungeon)

   [ring of magical power]

   rC:        It makes you vulnerable to cold.
   rElec:     It insulates you from electricity.
   rPois:     It protects you from poison.
   MP:        It affects your magic capacity (+9).
   Fly:       It grants you flight.
Scrolls
 d - a scroll of fog {unknown}
 l - 3 scrolls of teleportation {unknown}
 p - 2 scrolls of magic mapping {unknown}
 q - a scroll of identify {unknown}
 v - a scroll of amnesia {unknown}
 z - a scroll of enchant weapon {unknown}
Potions
 g - a potion of heal wounds {unknown}
 j - a potion of haste {unknown}
 n - a potion of lignification {unknown}
 o - a potion of mutation
 A - a potion of curing {unknown}


   Skills:
 + Level 4.2 Fighting
 - Level 4.3 Maces & Flails
 + Level 0.1 Throwing
 + Level 1.3 Armour
 + Level 2.7 Dodging
 + Level 1.6 Stealth


You had 3 spell levels left.
You didn't know any spells.
Your spell library contained the following spells:

 Spells                   Type           Power      Damage    Failure   Level
 Confusing Touch          Hex            0%         N/A       94%         3
 Yara's Violent Unravell  Hex/Tmut       0%         3d3       100%        5
 Enfeeble                 Hex            0%         N/A       100%        7


Dungeon Overview and Level Annotations

Branches:
Dungeon (4/15)
 Temple: D:4-7

Altars:


Innate Abilities, Weirdness & Mutations

Your skin changes colour to match your surroundings (Stealth+).
You are agile. (Dex +4, Str/Int -1)


Message History

* * * LOW HITPOINT WARNING * * *
Something unexpectedly blocked you, preventing you from rampaging!
You barely miss something.
You hear some strange, mumbled words.
Something tries to affect you, but you resist.
Something unexpectedly blocked you, preventing you from rampaging!
You closely miss something.
Something unexpectedly blocked you, preventing you from rampaging!
You barely miss something. Something hits you but does no damage.
Something unexpectedly blocked you, preventing you from rampaging!
You miss something. Something hits you but does no damage.
Something unexpectedly blocked you, preventing you from rampaging!
You barely miss something. Something hits you.
* * * LOW HITPOINT WARNING * * *
Something unexpectedly blocked you, preventing you from rampaging!
You barely miss something. Something hits you.
* * * LOW HITPOINT WARNING * * *
Something unexpectedly blocked you, preventing you from rampaging!
You completely miss something. Something hits you.
* * * LOW HITPOINT WARNING * * *
Something unexpectedly blocked you, preventing you from rampaging!
You hit something but do no damage. Something hits you.
* * * LOW HITPOINT WARNING * * *
Something unexpectedly blocked you, preventing you from rampaging!
You closely miss something. Something hits you but does no damage.
Something unexpectedly blocked you, preventing you from rampaging!
You closely miss something. Something hits you but does no damage.
Something unexpectedly blocked you, preventing you from rampaging!
You closely miss something.
Something unexpectedly blocked you, preventing you from rampaging!
You hit something but do no damage. Something hits you.
* * * LOW HITPOINT WARNING * * *
It was a potion of mutation.
You feel extremely strange.
Your skin functions as natural camouflage.
You feel agile. Something hits you but does no damage.
It was a potion of attraction.
You feel attractive to monsters. Something hits you.
You die...

#.#....†#.# #...##..#.#
#.........######...##....#
###...........†........#.#
.............#...........#
############.#.#...##.####.#
#.#>#...........#
#.#.#.#####.#####
#.#.......{.# #@###...o.###
...#####{# #.....#
........o###.#####
...######)...# #....# #....#
####.# #... ###..


You could see an orc.

Vanquished Creatures
  An adder (D:3)
  A worm (D:2)
  A dart slug (D:1)
  An orc (D:4)
  5 ball pythons
  A bat (D:1)
  8 endoplasms
  2 giant cockroaches
  5 goblins
  6 hobgoblins
  8 kobolds
  A quokka (D:2)
  A frilled lizard (D:1)
  7 rats
48 creatures vanquished.

Notes
Turn   | Place    | Note
-------+----------+-------------------------------------------
     0 | D:1      | coffeetime the Hill Orc Monk began the quest for the Orb.
     0 | D:1      | Reached XP level 1. HP: 19/19 MP: 1/1
    55 | D:1      | Reached XP level 2. HP: 27/27 MP: 2/2
   540 | D:1      | Reached XP level 3. HP: 33/33 MP: 3/3
  1469 | D:2      | Identified the ring "Wufuqaaq" {Fly rElec rPois rC- MP+9}
  1978 | D:3      | Reached skill level 1 in Armour
  2417 | D:3      | Reached XP level 4. HP: 29/40 MP: 4/4
  2879 | D:4      | Identified the +0 ring mail "Wiohiet" {Rampage rC+ rCorr
                  | Dex-3}
  2989 | D:4      | HP: 1/40 [something (3)]
  2990 | D:4      | Gained mutation: Your skin changes colour to match your
                  | surroundings (Stealth+). [potion of mutation]
  2990 | D:4      | Gained mutation: You are agile. (Dex +4, Str/Int -1)
                  | [potion of mutation]
  2991 | D:4      | Slain by an orc wizard

Illustrated notes

Levels and vault maps discovered:
D:1:      dpeg_arrival_long_road, layout_basic
D:2:      layout_loops_cross
D:3:      layout_basic
D:4:      layout_basic, minmay_temple_entry_drinking_statues,
          minmay_gold_behind_fungi, nicolae_shop_sticking_my_neck_out,
          uniq_pikel, uniq_menkaure

Skill      XL: |  1  2  3 |
---------------+----------+-----
Fighting       | 4 |  4.2
Maces & Flails | 4 |  4.3
Armour         | 1 |  1.3
Throwing       | |  0.1
Dodging        | |  2.7
Stealth        | |  1.6

Action                   |  1- 3 |  4- 6 || total
-------------------------+-------+-------++-------
Melee: Mace              |    69 |       ||    69
       Whip              |    38 |    44 ||    82
       Flail             |    25 |       ||    25
       Punch             |       |     1 ||     1
Throw: Stone             |     9 |       ||     9
  Use: Potion            |       |     3 ||     3
 Stab: Sleeping          |     1 |       ||     1
Armor: Robe              |     8 |       ||     8
       Leather armour    |    12 |     1 ||    13
       Ring mail         |       |    16 ||    16
Dodge: Dodged            |    73 |    11 ||    84
